 Dungeon Crawl Stone Soup version 0.19-a0-450-g98b348d (webtiles) character file.

991 magipi the Chopper (level 8, -4/61 HPs)
             Began as a Ghoul Gladiator on June 1, 2016.
             Was a Priest of Uskayaw.
             Slain by an orc warrior
             ... wielding a +0 glaive
              (21 damage)
             ... on level 7 of the Dungeon.
             The game lasted 00:23:43 (3330 turns).

magipi the Chopper (Ghoul Gladiator)                Turns: 3330, Time: 00:23:44

Health: -4/61      AC: 11    Str: 19    XL:     8   Next: 18%
Magic:  9/9        EV: 11    Int:  4    God:    Uskayaw [***...]
Gold:   177        SH:  0    Dex: 10    Spells: 0 memorised, 7 levels left

rFire  + . .     SeeInvis +     a - +1 war axe (freeze)
rCold  + . .     Gourm    .     r - +2 ring mail {rPois}
rNeg   + + +     Faith    .     (no shield)
rPois  ∞         Spirit   .     c - +0 helmet
rElec  .         Dismiss  .     z - +0 cloak
rCorr  .         Reflect  .     j - +0 pair of gloves
SustAt .         Harm     .     o - +0 pair of boots
MR     .....                    v - amulet of magic regeneration
Stlth  ..........               i - ring of see invisible
                                f - ring of protection from fire

@: rotting, not resistant to hostile enchantments, extremely unstealthy
A: rotting body, claws 1, carnivore 3, cold resistance 1, negative energy
resistance 3, slow regeneration 1, torment resistance, unbreathing
a: Stomp, Line Pass, Renounce Religion


You were on level 7 of the Dungeon.
You worshipped Uskayaw.
Uskayaw was most pleased with you.
You were not hungry.

You visited 2 branches of the dungeon, and saw 8 of its levels.

You collected 249 gold pieces.
You spent 72 gold pieces at shops.

Notes
Turn   | Place    | Note
--------------------------------------------------------------
     0 | D:1      | magipi the Ghoul Gladiator began the quest for the Orb.
     0 | D:1      | Reached XP level 1. HP: 17/17 MP: 0/0
   327 | D:1      | Reached skill level 3 in Axes
   327 | D:1      | Reached XP level 2. HP: 24/24 MP: 1/1
   571 | D:1      | Reached XP level 3. HP: 27/27 MP: 2/2
   807 | D:2      | Found an iron altar of Okawaru.
   807 | D:2      | Found a burning altar of Makhleb.
   808 | D:2      | Found a stormy altar of Qazlal.
  1061 | D:2      | Reached XP level 4. HP: 35/35 MP: 3/3
  1149 | D:2      | Found a glowing silver altar of Zin.
  1149 | D:2      | Noticed an angel
  1296 | D:3      | Reached skill level 4 in Axes
  1344 | D:3      | You fall through a shaft for 2 floors!
  1344 | D:5      | Entered Level 5 of the Dungeon
  1393 | D:5      | Noticed an ice beast
  1415 | D:5      | Killed an ice beast
  1415 | D:5      | Reached XP level 5. HP: 31/41 MP: 4/4
  1509 | D:3      | Reached XP level 6. HP: 40/48 MP: 5/5
  1716 | D:3      | Found an ancient bone altar of Kikubaaqudgha.
  1776 | D:3      | Noticed a moth of wrath
  1776 | D:3      | Noticed ololoev's ghost (weakling DEFE)
  1940 | D:1      | Reached skill level 5 in Axes
  2311 | D:4      | Found a basalt altar of Yredelemnul.
  2334 | D:4      | Found a staircase to the Ecumenical Temple.
  2343 | Temple   | Entered the Ecumenical Temple
  2356 | Temple   | Became a worshipper of Uskayaw the Reveler
  2382 | D:4      | Found Tisho's Antique Weapon Emporium.
  2392 | D:4      | Noticed a phantom
  2404 | D:4      | Bought a runed hand axe for 72 gold pieces
  2434 | D:5      | Noticed Duvessa
  2458 | D:4      | Found a radiant altar of Vehumet.
  2463 | D:4      | Found a shattered altar of Ashenzari.
  2488 | D:4      | Reached * piety under Uskayaw
  2552 | D:4      | Reached ** piety under Uskayaw
  2556 | D:4      | Reached *** piety under Uskayaw
  2566 | D:4      | Killed a phantom
  2566 | D:4      | Reached skill level 6 in Axes
  2566 | D:4      | Reached XP level 7. HP: 41/55 MP: 6/6
  2566 | D:4      | Reached **** piety under Uskayaw
  2913 | D:5      | Reached skill level 7 in Axes
  3040 | D:5      | Reached skill level 1 in Invocations
  3084 | D:5      | Found an opulent altar of Gozag.
  3163 | D:6      | Reached XP level 8. HP: 52/61 MP: 8/8
  3246 | D:7      | Found a shadowy altar of Dithmenos.
  3330 | D:7      | Slain by an orc warrior

Inventory:

Hand Weapons
 a - a +1 war axe of freezing (weapon)
Armour
 c - a +0 helmet (worn)
 j - a +0 pair of gloves (worn)
 o - a +0 pair of boots (worn)
 r - a +2 ring mail of poison resistance (worn)
 z - a +0 cloak (worn)
Jewellery
 e - a +2 ring of intelligence
 f - a ring of protection from fire (left hand)
 i - a ring of see invisible (right hand)
 p - an uncursed ring of protection from fire
 v - an amulet of magic regeneration (around neck)
Wands
 b - a wand of flame (14/48)
Scrolls
 q - a scroll of remove curse
 A - a scroll of enchant weapon
Potions
 g - a potion of brilliance
 h - a potion of cancellation
 l - a potion of heal wounds
 m - 3 potions of mutation {unknown}
 n - 3 potions of agility {unknown}
 t - a potion of ambrosia
Comestibles
 k - 2 meat rations
 w - 3 chunks of flesh
 x - a beef jerky


   Skills:
 - Level 2.1 Fighting
 + Level 7.5 Axes
 - Level 4.0 Throwing
 - Level 2.6 Dodging
 + Level 3.1 Invocations


You had 7 spell levels left.
You didn't know any spells.

Dungeon Overview and Level Annotations

Branches:
Dungeon (7/15)             Temple (1/1) D:4

Altars:
Ashenzari
Dithmenos
Gozag
Kikubaaqudgha
Makhleb
Okawaru
Qazlal
Uskayaw
Vehumet
Yredelemnul
Zin

Shops:
D:4 (

Annotations:
D:3 ololoev's ghost, weakling DEFE
D:5 Duvessa


Innate Abilities, Weirdness & Mutations

Your body is rotting away.
You thrive on raw meat.
You are immune to poison.
You have sharp fingernails.
You are carnivorous and can eat meat at any time.
Your flesh is cold resistant. (rC+)
You are immune to negative energy. (rN+++)
You regenerate slowly when monsters are visible.
You are immune to unholy pain and torment.
You can survive without breathing.

Vault maps used:
D:1:      saegor_arrival_fortress
D:2:      zin_angel, gammafunk_temple_overflow_claw
D:3:      old_standard_altar, tgw_trog, gup_sewer_entry_bowl, corner_web_ring
D:4:      yredelemnul_altar_generic, fiery_altar_vehumet, temple_statues,
          serial_shops, nicolae_shop_waterfront, cheibrodos_ashenzari_chains
D:5:      old_standard_altar, first_bread, minmay_misc_feat_square, uniq_duvessa
D:6:      grunt_ministairs_4, uniq_pikel, uniq_blork_the_orc
D:7:      grunt_dithmenos_smoke
Temple:   roderic_octagonal_lattice_temple


Message History

Aim: an orc warrior, wielding a glaive and wearing a chain mail You throw a throwing net.
The throwing net hits the orc warrior.
The orc warrior is caught in the net!
The orc wizard casts a spell at you. The puff of flame hits you!
Unknown command.
You hit the orc warrior but do no damage.
You barely miss the orc wizard.
The orc wizard hits you but does no damage.
The orc warrior struggles to escape the net.
The orc wizard hits you with a dagger.
You hit the orc warrior. You freeze the orc warrior.
The orc warrior is lightly wounded.
You hit the orc wizard but do no damage.
The orc wizard hits you but does no damage.
The orc warrior struggles to escape the net.
The orc wizard closely misses you.
Unknown command.
You hit the orc warrior but do no damage.
The orc warrior is lightly wounded.
You hit the orc wizard but do no damage.
The orc warrior struggles against the net.
The orc wizard hits you but does no damage.
Unknown command.
You hit the orc warrior but do no damage.
The orc warrior is lightly wounded.
You hit the orc wizard. You freeze the orc wizard.
The orc wizard is lightly wounded.
The orc wizard hits you but does no damage.
The orc warrior struggles against the net.
The orc wizard gestures at you while chanting.
The puff of frost hits you!
You hit the orc wizard. You freeze the orc wizard.
The orc wizard is severely wounded.
The helpless orc warrior fails to defend itself.
You hit the orc warrior but do no damage.
The orc warrior is lightly wounded.
The orc warrior struggles against the net.
The orc wizard barely misses you.
The orc wizard hits you but does no damage.
Uskayaw prepares the audience for your solo!
The helpless orc wizard fails to defend itself.
You hit the orc wizard. You freeze the orc wizard.
You kill the orc wizard!
Your Invocations skill increases to level 3!
The helpless orc warrior fails to defend itself.
You hit the orc warrior. You freeze the orc warrior.
The orc warrior is lightly wounded.
The orc warrior is no longer paralysed.
The orc warrior struggles against the net. x2
You hit the orc warrior but do no damage.
The orc warrior is lightly wounded.
The orc warrior struggles to escape the net.
Unknown command.
You barely miss the orc warrior.
The orc warrior is lightly wounded.
The orc warrior struggles against the net.
You barely miss the orc warrior.
The orc warrior is lightly wounded.
The orc warrior struggles against the net.
The net rips apart, and the orc warrior comes free!
You closely miss the orc warrior.
The orc warrior is lightly wounded.
The orc warrior hits you with a glaive!!
You hit the orc warrior but do no damage.
The orc warrior is lightly wounded.
The orc warrior hits you with a glaive!
Unknown command.
You closely miss the orc warrior.
The orc warrior is lightly wounded.
The orc warrior barely misses you.
Unknown command.
You slash the orc warrior! You freeze the orc warrior.
The orc warrior is severely wounded.
Unknown command.
You closely miss the orc warrior.
The orc warrior is severely wounded.
The orc warrior misses you.
Unknown command.
You closely miss the orc warrior.
The orc warrior is severely wounded.
The orc warrior closely misses you.
Unknown command.
You barely miss the orc warrior.
The orc warrior is severely wounded.
The orc warrior hits you with a glaive!
* * * LOW HITPOINT WARNING * * *
You feel much better. The orc warrior closely misses you.
Unknown command.
You hit the orc warrior but do no damage.
The orc warrior is severely wounded.
The orc warrior hits you with a glaive!
* * * LOW HITPOINT WARNING * * *
You hit the orc warrior. You freeze the orc warrior.
The orc warrior is almost dead.
Unknown command.
You hit the orc warrior but do no damage.
The orc warrior is almost dead.
The orc warrior hits you with a glaive!!
You die...

**+**,,,,,#...#............##
*,,,,,,,,,#...#............#,
*,,,,,,,,,#...#............#.
*,,,,,,,,,#..##............+.
*,,,,,,,,,#..###'##........#.
*,,,,***+##.......#........#>
*,,,,*,,,#........#........#.
*,,,,*,,,##'#######.......##.
*,,,,*,,,*#)@##...#.......#..
*,,,,*,,,,#o.#....#.......'..
*,,,,**,,*#..#....'.......#..
*******,,*#..#....#.......#..
*,,,,,,,*#########.......###
*,,,,,,,* #####.....,
*,,***,,* #...... *,,***+**
#...... *,,,*,,,******
#......


You could see an orc warrior.

Vanquished Creatures
  A phantom (D:4)
  A black bear (D:6)
  An ice beast (D:5)
  An ogre (D:5)
  A giant frog (D:7)
  2 howler monkeys
  2 crimson imps
  2 hounds
  An orc priest (D:7)
  A giant frog skeleton (D:5)
  2 orc wizards
  An iguana (D:4)
  3 worker ants
  A hound skeleton (D:4)
  A howler monkey skeleton (D:4)
  4 adders
  3 oozes
  3 worms (D:3)
  A dart slug (D:5)
  A giant gecko (D:7)
  3 orcs
  3 ball pythons
  A bat zombie (D:1)
  10 giant cockroaches
  5 goblins
  7 hobgoblins
  2 jackals (D:1)
  3 quokkas
  5 bats
  A giant gecko skeleton (D:6)
  5 giant newts
  3 kobolds
  A quokka skeleton (D:5)
  A quokka zombie (D:1)
  6 rats
89 creatures vanquished.

Vanquished Creatures (others)
  An orc (D:2)
1 creature vanquished.

Grand Total: 90 creatures vanquished

Action                   |  1- 3 |  4- 6 |  7- 9 || total
-------------------------+-------+-------+-------++-------
Melee: War axe           |   114 |   159 |   108 ||   381
Throw: Throwing net      |     3 |     5 |     2 ||    10
  Use: Scroll            |       |     9 |     6 ||    15
       Potion            |       |       |     1 ||     1
 Stab: Held in net/web   |       |     1 |     1 ||     2
       Paralysed         |       |     1 |     3 ||     4
  Eat: Chunk             |     8 |    10 |     7 ||    25
Armor: Leather armour    |    29 |       |       ||    29
       Ring mail         |    24 |    74 |    52 ||   150
Dodge: Dodged            |   103 |    87 |    55 ||   245

Action                   |  1- 3 |  4- 6 |  7- 9 || total
-------------------------+-------+-------+-------++-------
Melee: War axe           |   114 |   159 |   108 ||   381
Throw: Throwing net      |     3 |     5 |     2 ||    10
  Use: Scroll            |       |     9 |     6 ||    15
       Potion            |       |       |     1 ||     1
 Stab: Held in net/web   |       |     1 |     1 ||     2
       Paralysed         |       |     1 |     3 ||     4
  Eat: Chunk             |     8 |    10 |     7 ||    25
Armor: Leather armour    |    29 |       |       ||    29
       Ring mail         |    24 |    74 |    52 ||   150
Dodge: Dodged            |   103 |    87 |    55 ||   245
